 Dungeon Sprint DCSS version 0.26-a0-1181-gd376ed14c5 (webtiles) character file.

Game seed: 4396512609968194305

7476 reriks the Cleaver (level 10, 34/108 HPs)
             Began as a Deep Dwarf Berserker on Dec 26, 2020.
             Was the Champion of Trog.
             Quit the game in the Dungeon (Sprint II: "The Violet Keep of Menkaure").
             The game lasted 00:07:08 (1566 turns).

reriks the Cleaver (Deep Dwarf Berserker)           Turns: 1566, Time: 00:07:09

Health: 34/108     AC: 22    Str: 25    XL:     10   Next: 94%
Magic:  0/0        EV: 14    Int:  7    God:    Trog [******]
Gold:   456        SH:  0    Dex: 12    Spells: 9/9 levels left

rFire    . . .     SeeInvis .   o - +4 battleaxe
rCold    + . .     Faith    .   (shield currently unavailable)
rNeg     . . .     Spirit   .   e - +3 plate armour {rF+}
rPois    .         Reflect  .   (no helmet)
rElec    .         Harm     .   m - +0 cloak (curse)
rCorr    .         Rampage  .   k - +0 pair of gloves
Will     ++...     NoTele   +   (no boots)
Stlth    ..........             l - amulet of magic regeneration
HPRegen  0.00/turn              y - ring of ice
MPRegen  0.32/turn              q - ring of willpower

@: non-regenerating
A: damage resistance, heal wounds, sense surroundings 2, no regeneration
a: Heal Wounds, Renounce Religion, Berserk, Trog's Hand, Brothers in Arms


You were in the Dungeon.
You worshipped Trog.
Trog was exalted by your worship.
You visited 1 branch You collected 1442 gold pieces.
You spent 986 gold pieces at shops.

Inventory:

Hand Weapons
 a - a +0 hand axe
 o - a +4 battleaxe (weapon)
 s - a +1 antimagic war axe
Armour
 b - a +0 animal skin
 e - a +3 plate armour of fire resistance (worn)
 i - a +4 kite shield of reflection
 k - a +0 pair of gloves (worn)
 m - a cursed +0 cloak (worn)
Jewellery
 l - an amulet of magic regeneration (around neck)
 q - a ring of willpower (right hand)
 y - a ring of ice (left hand)
Scrolls
 h - 2 scrolls of blinking
 p - a scroll of remove curse
Potions
 c - 4 potions of curing
 d - 2 potions of heal wounds
 f - 5 potions of magic
 g - 3 potions of berserk rage
 j - 4 potions of flight
 n - a potion of ambrosia
 r - 2 potions of resistance
 v - a potion of invisibility
 w - 2 potions of lignification
 x - a potion of might {unknown}


   Skills:
 + Level 12.4 Fighting
 + Level 14.4 Axes
 + Level 14.3 Armour
 + Level 14.3 Dodging


You had 9 spell levels left.
You didn't know any spells.
Your spell library was empty.

Dungeon Overview and Level Annotations

Branches:
Dungeon (1/1)

Altars:
Cheibriados
Dithmenos
Elyvilon
Hepliaklqana
Kikubaaqudgha
Makhleb
Qazlal
Ru
Sif Muna
Trog
Uskayaw
Vehumet
Wu Jian
Xom
Yredelemnul
Zin
The Shining One
Beogh
Jiyva
Lugonu

Shops:
D :[!=?}(?![=?[[:

Annotations:
D exclusions: obsidian statue and oklob plant, Lernaean hydra


Innate Abilities, Weirdness & Mutations

You are resistant to damage.
You can heal yourself by infusing magical energy.
You passively map the area around you.
You do not regenerate.


Message History

You see here 81 gold pieces.
You close the door.
Your magical essence is drained by the effort!
You feel much better.
You don't have enough innate magic capacity.
There is an open door, spattered with blood here.
You see here a runed war axe {god gift}.
There is an open door, spattered with blood here.
The rain has left you waist-deep in water!
Splash!
You fall into the shallow water.
Moving in this stuff is going to be slow.
You see here a runed war axe {god gift}.
s - a runed war axe {god gift}
There is an open door, spattered with blood here.
You now have 456 gold pieces (gained 81).
You are no longer corroded.
The 27-headed Lernaean hydra roars deafeningly!
j - 4 potions of flight (gained 1) Are you sure you want to abandon this character and quit the game? (Confirm with "yes".)

##..∩.∩...#≈##.###'###.
##...∩....#≈#.####.###.
##....∩.∩.'≈'##.'.<.'.#
##.....∩.∩#≈#...##.###.
#▓▓▓▓▓▓▓###≈##.###'###.
##).$######≈≈####...###
#$..#..'≈##≈≈≈#..#..#≈
#∩P=+..#'##'#≈##.#.##≈
#$?$#@##≈##.#≈○##+##≈≈
#)$.###§≈§####°≈≈≈≈≈≈≈
##+###§§§§§# #'''#+++#
#$.o##≈≈§§§###≈≈≈≈≈°≈#
*+###§≈§§≈##≈°○○≈≈○○°
#.88#+≈≈≈≈≈'≈≈≈≈≈.°°○°
##+###≈≈≈§≈##≈≈≈○≈°°≈°
).D##§≈≈§≈###≈○○°○°≈#
#+* #≈≈≈≈≈# ####+####


You could see the 27-headed Lernaean hydra and an oklob plant.

Vanquished Creatures
  A fire dragon (D)
  A skeletal warrior (D)
  3 manticores (D)
  An ice statue (D)
  An elephant (D)
  A merfolk siren (D)
  A yaktaur (D)
  A hornet (D)
  3 polar bears (D)
  3 slime creatures (D)
  A vampire mosquito (D)
  A water moccasin (D)
  4 necrophages (D)
  9 electric eels (D)
  4 worker ants (D)
  A spectral adder (D)
  3 worms (D)
  A spectral bat (D)
40 creatures vanquished.

Vanquished Creatures (others)
  Kirke (D)
  A yaktaur captain (D)
  A centaur warrior (D)
  A kobold demonologist (D)
  Menkaure (D)
  A water moccasin (D)
  12 tentacles (D)
18 creatures vanquished.

Grand Total: 58 creatures vanquished

Notes
Turn   | Place    | Note
-------+----------+-------------------------------------------
     0 | D        | reriks the Deep Dwarf Berserker began the quest for the
                  | Orb.
     0 | D        | Reached XP level 1. HP: 20/20 MP: 1/1
     5 | D        | Noticed a merfolk siren
    27 | D        | Killed Menkaure
    32 | D        | Killed a merfolk siren
    33 | D        | Reached XP level 2. HP: 34/34 MP: 2/2
    33 | D        | Reached XP level 3. HP: 42/42 MP: 3/3
    33 | D        | Reached XP level 4. HP: 49/49 MP: 4/4
    33 | D        | Reached XP level 5. HP: 56/56 MP: 5/5
    33 | D        | Reached XP level 6. HP: 63/63 MP: 6/6
    56 | D        | Killed a water moccasin
    63 | D        | Reached ** piety under Trog
    67 | D        | Found Heutoila's Distillery.
    67 | D        | Found Zollif's Magic Scroll Shop.
    67 | D        | Found Aniogynt's Jewellery Shop.
    67 | D        | Found Jarchu's Antique Armour Shop.
    67 | D        | Found Lopsedghy's Antique Weapon Boutique.
    68 | D        | Found Saog's Book Shop.
    68 | D        | Found Ithre's Magic Scroll Boutique.
    68 | D        | Found Cimurgha's Gadget Boutique.
    68 | D        | Found Zileleb's Magic Scroll Shop.
    68 | D        | Found Viuqat's Jewellery Boutique.
   103 | D        | Reached *** piety under Trog
   265 | D        | Reached **** piety under Trog
   266 | D        | Reached XP level 7. HP: 73/73 MP: 6/6
   320 | D        | Found Kofrefext's Distillery.
   320 | D        | Found Heeph's Antique Armour Boutique.
   321 | D        | Found Wadurgh's Antique Armour Boutique.
   321 | D        | Found Xogh's Antique Armour Shop.
   321 | D        | Noticed a manticore
   322 | D        | Noticed a manticore
   322 | D        | Noticed a manticore
   322 | D        | Noticed an oklob plant
   323 | D        | Found Xahawkas's Book Shoppe.
   343 | D        | Bought a runed plate armour for 598 gold pieces
   343 | D        | Bought a runed kite shield for 172 gold pieces
   359 | D        | Noticed a fire dragon
   381 | D        | Noticed a vampire mosquito
   394 | D        | Killed a vampire mosquito
   394 | D        | Reached ***** piety under Trog
   395 | D        | Reached skill level 10 in Axes
   546 | D        | Noticed an ice statue
   555 | D        | Found a roughly hewn altar of Beogh.
   556 | D        | Found a hazy altar of Hepliaklqana.
   556 | D        | Found a snail-covered altar of Cheibriados.
   557 | D        | Found a stormy altar of Qazlal.
   557 | D        | Found a viscous altar of Jiyva.
   557 | D        | Found a shadowy altar of Dithmenos.
   558 | D        | Found a sacrificial altar of Ru.
   558 | D        | Found an ancient bone altar of Kikubaaqudgha.
   558 | D        | Found a white marble altar of Elyvilon.
   559 | D        | Found an ornate altar of the Wu Jian Council.
   559 | D        | Found a shimmering blue altar of Sif Muna.
   559 | D        | Found a corrupted altar of Lugonu.
   560 | D        | Found a shimmering altar of Xom.
   560 | D        | Found a bloodstained altar of Trog.
   560 | D        | Found a burning altar of Makhleb.
   561 | D        | Found a glowing golden altar of the Shining One.
   561 | D        | Found a basalt altar of Yredelemnul.
   561 | D        | Found a hide-covered altar of Uskayaw.
   562 | D        | Found a glowing silver altar of Zin.
   566 | D        | Noticed a polar bear
   567 | D        | Noticed a yaktaur
   567 | D        | Noticed a hornet
   567 | D        | Noticed a polar bear
   583 | D        | Killed a polar bear
   584 | D        | Reached skill level 10 in Armour
   584 | D        | Reached skill level 10 in Dodging
   584 | D        | Reached XP level 8. HP: 84/84 MP: 7/7
   584 | D        | Noticed a polar bear
   630 | D        | Killed a polar bear
   669 | D        | Killed a polar bear
   673 | D        | Paralysed by a hornet for 3 turns
   695 | D        | Paralysed by a hornet for 1 turns
   699 | D        | Killed a hornet
   710 | D        | Killed a yaktaur
   711 | D        | Gained mutation: You passively map the area around you.
                  | [Deep Dwarf growth]
   711 | D        | Reached XP level 9. HP: 60/93 MP: 5/5
   922 | D        | Found a radiant altar of Vehumet.
   929 | D        | Noticed a kraken
  1181 | D        | Noticed an obsidian statue
  1184 | D        | Noticed Kirke
  1184 | D        | Noticed a kobold demonologist
  1184 | D        | Noticed a yaktaur captain
  1185 | D        | Noticed a centaur warrior
  1213 | D        | Killed a centaur warrior
  1229 | D        | Killed a yaktaur captain
  1230 | D        | Reached skill level 10 in Fighting
  1231 | D        | Killed a kobold demonologist
  1246 | D        | Noticed a harpy
  1246 | D        | Noticed a harpy
  1247 | D        | Noticed a sphinx
  1247 | D        | Killed Kirke
  1264 | D        | Noticed a skeletal warrior
  1329 | D        | Killed a skeletal warrior
  1330 | D        | Reached XP level 10. HP: 71/105 MP: 5/5
  1360 | D        | Noticed an elephant
  1386 | D        | Killed an elephant
  1393 | D        | Bought a pair of gloves for 72 gold pieces
  1393 | D        | Bought a cloak for 72 gold pieces
  1395 | D        | Bought a potion of curing for 36 gold pieces
  1395 | D        | Bought a potion of curing for 36 gold pieces
  1447 | D        | Killed an ice statue
  1466 | D        | Received a gift from Trog
  1494 | D        | Noticed an orc warlord
  1496 | D        | Noticed a toenail golem
  1496 | D        | Noticed a toenail golem
  1498 | D        | Noticed the 27-headed Lernaean hydra
  1515 | D        | Reached ****** piety under Trog
  1518 | D        | Received a gift from Trog
  1542 | D        | Killed a fire dragon
  1542 | D        | Killed a manticore
  1547 | D        | Killed a manticore
  1550 | D        | Killed a manticore
  1566 | D        | Quit the game

Illustrated notes

Levels and vault maps discovered:
D:        the_violet_keep_of_menkaure [sprint2_stairs_cluster_1,
          sprint2_shoproom, sprint2_temple, sprint2_basic_supplies,
          sprint2_obstacle_2, sprint2_obstacle_6, sprint2_obstacle_3,
          sprint2_obstacle_7, sprint2_obstacle_1, sprint2_timed_cluster_1,
          sprint2_smallroom_cluster_1, sprint2_smallroom_final_cluster_1,
          sprint2_transparent_cluster_1, sprint2_second_timed_cluster_1,
          sprint2_sniper_area_1, sprint2_heavy_combat_area_1,
          sprint2_mutation_trap_area_1, sprint2_forest_area_1,
          sprint2_light_combat_area_1, sprint2_behind_water_1,
          sprint2_near_end_vault_1]

Skill      XL: |  1  2  3  4  5  6  7  8  9 10 |
---------------+-------------------------------+-----
Fighting       | 6 7 8 9 11 12 | 12.4
Axes           | 7 9 10 11 13 14 | 14.4
Armour         | 7 8 10 11 12 14 | 14.3
Dodging        | 7 8 10 11 12 14 | 14.3

Action                   |  1- 3 |  4- 6 |  7- 9 | 10-12 || total
-------------------------+-------+-------+-------+-------++-------
Melee: Hand axe          |    23 |    49 |   260 |    82 ||   414
       Battleaxe         |       |       |       |    27 ||    27
Invok: Berserk           |       |     1 |     3 |     1 ||     5
       Trog's Hand       |       |       |     2 |       ||     2
       Brothers in Arms  |       |       |     1 |       ||     1
 Abil: Heal Wounds       |     1 |     2 |    23 |    11 ||    37
  Use: Potion            |     1 |       |     1 |     3 ||     5
       Scroll            |       |       |    10 |       ||    10
 Stab: Sleeping          |       |     1 |       |       ||     1
Armor: Animal skin       |       |     1 |     1 |       ||     2
       Plate armour      |       |       |   142 |    74 ||   216
       Skin              |       |       |    11 |       ||    11
Dodge: Dodged            |     1 |    27 |   108 |    78 ||   214
Block: Kite shield       |       |       |   148 |    16 ||   164
       Reflection        |       |       |     1 |     1 ||     2

Table legend: (Time is in decaauts)
 A = Elapsed time spent in this place.
 B = Non-inter-level travel time spent in this place.
 C = Inter-level travel time spent in this place.
 D = Time resting spent in this place.
 E = Time spent auto-exploring this place.
 F = Levels seen in this place.
 G = Mean time per level.
                   A        B        C        D        E       F      G
               +--------+--------+--------+--------+--------+-----+--------+
         Total |   1563 |   1563 |      0 |    614 |     95 |   1 | 1563.0 |
       Dungeon |   1563 |   1563 |      0 |    614 |     95 |   1 | 1563.0 |
               +--------+--------+--------+--------+--------+-----+--------+

Top non-repeatable levels by time:
       D: 1563 daAuts
